 Dungeon Crawl Stone Soup version 0.28-a0-265-g048bc9fd10 (webtiles) character file.

Game seed: 1031307728426204427

1687 rabbitsville the Fighter (level 8, -2/69 HPs)
             Began as a Demonspawn Berserker on Aug 27, 2021.
             Was a Priest of Trog.
             Succumbed to an orc wizard's poison
             ... on level 6 of the Dungeon.
             The game lasted 00:17:10 (5189 turns).

rabbitsville the Fighter (Demonspawn Berserker)     Turns: 5189, Time: 00:17:11

Health: -2/69      AC: 11    Str: 26    XL:     8   Next: 71%
Magic:  8/8        EV: 10    Int:  6    God:    Trog [***...]
Gold:   225        SH:  0    Dex: 13    Spells: 7/7 levels left

rFire   + . .      SeeInvis .   h - +0 long sword
rCold   + . .      Faith    .   (no shield)
rNeg    . . .      Spirit   .   r - +2 scale mail {rC+}
rPois   .          Reflect  .   (helmet restricted)
rElec   .          Harm     .   (no cloak)
rCorr   .          Rampage  .   (no gloves)
Will    .....                   (no boots)
Stlth   ..........              (no amulet)
HPRegen 0.21/turn               f - +6 ring of strength
MPRegen 0.22/turn               (no ring)

@: confused, mighty, lethally poisoned (-2 -> -27), on berserk cooldown
A: horns 1, slimy green scales 2, powered by death 2, magic regeneration, dopey
1, fire resistance 1, MP-powered wands
a: Renounce Religion, Berserk, Trog's Hand


You were on level 6 of the Dungeon.
You worshipped Trog.
Trog was most pleased with you.
You visited 2 branches of the dungeon, and saw 7 of its levels.

You collected 225 gold pieces.

Inventory:

Hand Weapons
 a - a +0 falchion
 h - a +0 long sword (weapon)
Missiles
 d - 36 poisoned darts (quivered)
Armour
 r - a +2 scale mail of cold resistance (worn)
Jewellery
 f - a +6 ring of strength (left hand)
Wands
 b - a wand of paralysis (8)
 n - a wand of flame (20)
 v - a wand of iceblast (6)
Scrolls
 j - 2 scrolls of torment {unknown}
 k - 3 scrolls of identify
 l - 2 scrolls of teleportation {unknown}
 m - a scroll of vulnerability {unknown}
 o - a scroll of blinking {unknown}
 p - 2 scrolls of enchant armour {unknown}
 q - 2 scrolls of immolation {unknown}
Potions
 c - a potion of attraction {unknown}
 e - a potion of curing {unknown}
 i - a potion of flight {unknown}
 s - 3 potions of haste
 u - a potion of degeneration {unknown}


   Skills:
 + Level 8.5 Fighting
 + Level 7.7 Long Blades
 - Level 1.7 Armour
 - Level 1.7 Dodging


You had 7 spell levels left.
You didn't know any spells.
Your spell library was empty.

Dungeon Overview and Level Annotations

Branches:
Dungeon (6/15)             Temple (1/1) D:4

Altars:
Fedhas
Hepliaklqana
Sif Muna
Trog
Vehumet
Wu Jian
Yredelemnul
Zin

Shops:
D:2 [[

Annotations:
D:4 1 runed translucent door, Crazy Yiuf


Innate Abilities, Weirdness & Mutations

You have a pair of small horns on your head.
You are mostly covered in slimy green scales. (AC +3)
You regenerate health from kills.
You regenerate magic rapidly.
You are dopey. (Int -2)
Your flesh is heat resistant. (rF+)
You expend magic power (3 MP) to strengthen your wands.


Message History

Something hits you but does no damage.
You completely miss something. Your headbutt misses something.
You feel very sick.
Something hits you but does no damage. x2
You are lethally poisoned!
Something hits you but does no damage. x2
You are more poisoned.
You're too confused to move!
You feel yourself speed up.
* * * LOW HITPOINT WARNING * * *
You feel extremely sick. Something hits you but does no damage.
Something hits you.
* * * LOW HITPOINT WARNING * * *
You are more poisoned.
Something hits you.
* * * LOW HITPOINT WARNING * * *
You completely miss something. Your headbutt misses something.
* * * LOW HITPOINT WARNING * * *
You feel very sick.
You hear some strange, mumbled words.
A puff of flame appears from out of thin air!
The puff of flame misses you. Something hits you but does no damage.
You are more poisoned.
Something hits you.
* * * LOW HITPOINT WARNING * * *
You bump into the rock wall.
You feel less invigorated.
* * * LOW HITPOINT WARNING * * *
You feel very sick.
You hear some strange, mumbled words.
A puff of flame appears from out of thin air!
The puff of flame hits you.
* * * LOW HITPOINT WARNING * * *
Something hits you but does no damage.
You are more poisoned.
Something completely misses you.
It was a potion of mutation.
You feel extremely strange.
You feel stupid.
You feel your magical essence link to the dungeon's wands.
You feel resistant to heat.
You die...

.....# ....###
......##
#......####
#.........##
#..##......##
#..##.......#
#@.##......#
#.{.......#
......
##.........##.
.....
#...#...####..
.... #...##.##
.... #..
#..##### .....
##.#
#..######...##
#..#
#..##.........
#..##
#..#..........


There were no monsters in sight!

Vanquished Creatures
  Pikel (D:5)
  Grinder (D:4)
  Menkaure (D:6)
  A water moccasin (D:5)
  A necrophage (D:5)
  An ogre (D:4)
  A lemure (D:5)
  2 scorpions (D:5)
  A water moccasin zombie (D:5)
  A water moccasin skeleton (D:5)
  A bullfrog zombie (D:6)
  2 jellies
  A bullfrog skeleton (D:5)
  An iguana (D:4)
  2 gnoll shamans (D:4)
  An orc wizard (D:6)
  A hound skeleton (D:3)
  8 gnolls (D:4)
  4 adders
  An ufetubus (D:4)
  An adder zombie (D:5)
  4 dart slugs
  6 orcs
  4 ball pythons
  4 endoplasms
  2 giant cockroaches
  8 goblins
  5 hobgoblins
  4 jackals (D:1)
  2 quokkas
  5 bats
  4 frilled lizards
  6 kobolds
  8 rats
96 creatures vanquished.

Notes
Turn   | Place    | Note
-------+----------+-------------------------------------------
     0 | D:1      | rabbitsville the Demonspawn Berserker began the quest for
                  | the Orb.
     0 | D:1      | Reached XP level 1. HP: 18/18 MP: 1/1
   204 | D:1      | Found a faded altar of an unknown god.
   245 | D:1      | Gained mutation: You regenerate a little health from kills.
                  | [demonic ancestry]
   245 | D:1      | Reached XP level 2. HP: 18/24 MP: 2/2
   778 | D:1      | Reached ** piety under Trog
   808 | D:1      | Gained mutation: You are partially covered in slimy green
                  | scales. (AC +2) [demonic ancestry]
   808 | D:1      | Reached XP level 3. HP: 29/29 MP: 3/3
  1132 | D:2      | Found Arett's Armour Shop.
  1289 | D:2      | Found Neoph's Armour Shop.
  1809 | D:3      | Reached skill level 4 in Fighting
  1845 | D:3      | Gained mutation: You regenerate health from kills. [demonic
                  | ancestry]
  1845 | D:3      | Reached XP level 4. HP: 37/37 MP: 4/4
  2589 | D:4      | Noticed an ogre
  2626 | D:4      | Gained mutation: You are mostly covered in slimy green
                  | scales. (AC +3) [demonic ancestry]
  2626 | D:4      | Reached XP level 5. HP: 34/43 MP: 5/5
  2637 | D:4      | Reached *** piety under Trog
  2641 | D:4      | Killed an ogre
  2642 | D:4      | Reached skill level 5 in Fighting
  2807 | D:4      | Found a staircase to the Ecumenical Temple.
  2832 | D:4      | HP: 1/44 [gnoll shaman (6)]
  2836 | D:4      | Gained mutation: You have a pair of small horns on your
                  | head. [demonic ancestry]
  2836 | D:4      | Reached XP level 6. HP: 40/51 MP: 6/6
  2851 | Temple   | Entered the Ecumenical Temple
  2921 | D:4      | Reached skill level 5 in Long Blades
  3113 | D:4      | Noticed Grinder
  3119 | D:4      | Killed Grinder
  3120 | D:4      | Reached skill level 6 in Fighting
  3120 | D:4      | Reached XP level 7. HP: 52/58 MP: 7/7
  3219 | D:4      | Found a runed translucent door.
  3220 | D:4      | Noticed Crazy Yiuf
  3524 | D:5      | Entered Level 5 of the Dungeon
  3531 | D:5      | Noticed Pikel
  3582 | D:5      | HP: 2/58 [water moccasin zombie (3)]
  3925 | D:5      | Killed Pikel
  3926 | D:5      | Reached skill level 7 in Fighting
  3926 | D:5      | Gained mutation: You regenerate magic rapidly. [demonic
                  | ancestry]
  3926 | D:5      | Reached XP level 8. HP: 39/67 MP: 8/8
  4274 | D:5      | Reached skill level 8 in Fighting
  4885 | D:6      | Noticed Menkaure
  4894 | D:6      | Killed Menkaure
  5188 | D:6      | HP: 3/69 [something/puff of flame (4)]
  5189 | D:6      | Gained mutation: You are dopey. (Int -2) [potion of
                  | mutation]
  5189 | D:6      | Gained mutation: You expend magic power (3 MP) to
                  | strengthen your wands. [potion of mutation]
  5189 | D:6      | Gained mutation: Your flesh is heat resistant. (rF+)
                  | [potion of mutation]
  5189 | D:6      | Succumbed to an orc wizard's poison

Illustrated notes

Levels and vault maps discovered:
D:1:      dpeg_arrival_prison, layout_basic,
          shapermc_ecumenical_altar_rom_forum, minmay_misc_feat_more_columns
D:2:      layout_basic, serial_shops, shop, shop
D:3:      layout_basic
D:4:      layout_basic, chequers_serial_rivers_micro_a,
          minmay_fractal_squares_5, uniq_grinder, uniq_crazy_yiuf_cottage
D:5:      layout_rooms, columned_hall_lemuel, st_stairs_2, uniq_pikel
D:6:      minmay_flawed_box, layout_cave_pods, serial_shops,
          nicolae_diamond_shop, serial_bayou_crossing, uniq_menkaure
Temple:   eino_narrow_crystal_temple

Skill      XL: |  1  2  3  4  5  6  7  8 |
---------------+-------------------------+-----
Long Blades    | 3 4 5 6 7 |  7.7
Fighting       | 4 5 6 7 8 |  8.5
Armour         | |  1.7
Dodging        | |  1.7

Action                   |  1- 3 |  4- 6 |  7- 9 || total
-------------------------+-------+-------+-------++-------
Melee: Falchion          |    83 |       |       ||    83
       Long sword        |    33 |   111 |   109 ||   253
       Headbutt          |       |    10 |    29 ||    39
Invok: Berserk           |       |       |     1 ||     1
       Trog's Hand       |       |       |     1 ||     1
  Use: Potion            |       |     2 |     3 ||     5
       Scroll            |       |       |     1 ||     1
Armor: Ring mail         |    69 |     4 |       ||    73
       Scale mail        |       |    46 |    75 ||   121
Dodge: Dodged            |   104 |    76 |    52 ||   232

Table legend: (Time is in decaauts)
 A = Elapsed time spent in this place.
 B = Non-inter-level travel time spent in this place.
 C = Inter-level travel time spent in this place.
 D = Time resting spent in this place.
 E = Time spent auto-exploring this place.
 F = Levels seen in this place.
 G = Mean time per level.
                   A        B        C        D        E       F      G
               +--------+--------+--------+--------+--------+-----+--------+
         Total |   5241 |   5085 |    156 |    601 |   2837 |   7 |  748.7 |
       Dungeon |   5239 |   5083 |    156 |    601 |   2837 |   6 |  873.2 |
        Temple |      1 |      1 |      0 |      0 |      0 |   1 |    1.0 |
               +--------+--------+--------+--------+--------+-----+--------+

Top non-repeatable levels by time:
     D:4: 1564 daAuts
     D:1: 1082 daAuts
     D:5: 984 daAuts
     D:3: 632 daAuts
     D:2: 572 daAuts
     D:6: 402 daAuts
  Temple: 1 daAuts
